 Dungeon Crawl Stone Soup version 0.27.1-1-g398f81649c (webtiles) character file.

Game seed: 14893922240760892700

357 Borgoz the Shield-Bearer (level 6, -1/40 HPs)
             Began as a Gargoyle Fighter on Sept 19, 2021.
             Slain by an ogre (15 damage)
             ... on level 4 of the Dungeon.
             The game lasted 00:03:29 (3622 turns).

Borgoz the Shield-Bearer (Gargoyle Fighter)         Turns: 3622, Time: 00:03:30

Health: -1/40      AC: 14    Str: 19    XL:     6   Next: 64%
Magic:  6/6        EV:  7    Int:  9    God:
Gold:   131        SH:  9    Dex: 11    Spells: 5/5 levels left

rFire    . . .     SeeInvis .   a - +0 flail
rCold    + . .     Faith    .   c - +0 kite shield
rNeg     + . .     Spirit   .   b - +0 scale mail
rPois    ∞         Reflect  .   m - +2 hat {Will+}
rElec    +         Harm     .   (no cloak)
rCorr    .         Rampage  .   (no gloves)
Will     +....                  g - +0 pair of boots
Stlth    ..........             (no amulet)
HPRegen  0.13/turn              r - +4 ring of slaying
MPRegen  0.10/turn              o - ring of protection from cold

@: no status effects
A: sickness immunity, AC +4, negative energy resistance 1, electricity
resistance, torment resistance 1, petrification resistance
a: no special abilities


You were on level 4 of the Dungeon.
You visited 1 branch of the dungeon, and saw 4 of its levels.

You collected 131 gold pieces.

Inventory:

Hand Weapons
 a - a +0 flail (weapon)
Armour
 b - a +0 scale mail (worn)
 c - a +0 kite shield (worn)
 g - a +0 pair of boots (worn)
 m - a +2 hat of willpower (worn)
Jewellery
 o - a ring of protection from cold (right hand)
 r - a +4 ring of slaying (left hand)
Scrolls
 f - a scroll of acquirement {unknown}
 i - 2 scrolls of enchant armour {unknown}
 k - 4 scrolls of teleportation {unknown}
 l - 2 scrolls of immolation {unknown}
 s - 3 scrolls of identify {unknown}
Potions
 d - 2 potions of attraction {unknown}
 h - a potion of cancellation {unknown}
 j - a potion of haste {unknown}
 n - a potion of heal wounds {unknown}
 p - a potion of ambrosia {unknown}
 q - a potion of lignification {unknown}


   Skills:
 + Level 4.8 Fighting
 + Level 3.8 Maces & Flails
 + Level 4.8 Armour
 + Level 4.9 Shields


You had 5 spell levels left.
You didn't know any spells.
Your spell library contained the following spells:

 Spells                   Type           Power      Damage    Failure   Level
 Foxfire                  Conj/Fire      0%         2x1d4     99%         1
 Conjure Flame            Conj/Fire      0%         6-21      100%        3
 Inner Flame              Hex/Fire       0%         N/A       100%        3


Dungeon Overview and Level Annotations

Branches:
Dungeon (4/15)
 Temple: D:4-7

Altars:
Okawaru

Shops:
D:4 *


Innate Abilities, Weirdness & Mutations

You are immune to sickness and miasma.
Your stone body is resilient. (AC +4)
You are immune to poison.
You resist negative energy. (rN+)
You are resistant to electric shocks. (rElec)
You are resistant to unholy torment.
You are immune to petrification.


Message History

No target in view!
No target in view!
An ogre comes into view. It is wielding a +0 giant club.
The ogre shouts!
An ogre is nearby!
An ogre is nearby!
Found Jeefis's Overcharged Wands.
A giant cockroach comes into view.
The ogre hits you with a +0 giant club!!
Ouch! That really hurt!
You are too injured to fight recklessly!
You are too injured to fight recklessly!
You are too injured to fight recklessly!
You are too injured to fight recklessly!
You are too injured to fight recklessly!
You are too injured to fight recklessly!
You are too injured to fight recklessly!
You are too injured to fight recklessly!
You are too injured to fight recklessly!
You are too injured to fight recklessly!
You are too injured to fight recklessly!
You are too injured to fight recklessly!
There are monsters nearby!
Okay, then.
Throw: throwing net
Press: ? - help, Q - select action Shift-Dir - straight line, f - ogre
Aim: an ogre, wielding a +0 giant club (77% to hit)
You throw a throwing net.
The throwing net barely misses the ogre.
You block the ogre's attack.
Your shield prevents you from hitting the ogre.
You block the ogre's attack.
You hit the ogre.
The ogre is lightly wounded.
The ogre hits you with a +0 giant club!
* * * LOW HITPOINT WARNING * * *
You feel better.
The giant cockroach bites you but does no damage.
The ogre hits you with a +0 giant club!
You die...

.. #.#....
..#...#...
#...∩.....
#.#...#... #.
###..#.#..#
#..#####.....(...
#.#.......BO.#
#.........@.#
#..........#
#.........##
##.......##
#.....### ##...##
##.. #....###...#
#..†......#
##.......###


You could see an ogre and a giant cockroach.

Vanquished Creatures
  An ogre (D:3)
  Natasha (thrice) (D:2)
  2 orc wizards
  2 gnolls
  4 adders
  2 worms (D:2)
  A dart slug (D:1)
  11 orcs
  6 ball pythons
  An endoplasm (D:1)
  3 giant cockroaches
  7 goblins
  7 hobgoblins
  3 quokkas
  5 bats
  A frilled lizard (D:2)
  13 kobolds
  8 rats
80 creatures vanquished.

Vanquished Creatures (others)
  An orc wizard (D:2)
1 creature vanquished.

Grand Total: 81 creatures vanquished

Notes
Turn   | Place    | Note
-------+----------+-------------------------------------------
     0 | D:1      | Borgoz the Gargoyle Fighter began the quest for the Orb.
     0 | D:1      | Reached XP level 1. HP: 14/14 MP: 1/1
   358 | D:1      | Reached XP level 2. HP: 15/19 MP: 2/2
   699 | D:1      | Reached XP level 3. HP: 14/23 MP: 3/3
  1809 | D:2      | Reached XP level 4. HP: 29/29 MP: 4/4
  1847 | D:2      | Noticed Natasha
  1856 | D:2      | Killed Natasha
  1904 | D:2      | Noticed Natasha
  1959 | D:2      | Killed Natasha
  1960 | D:2      | Reached XP level 5. HP: 8/33 MP: 5/5
  2277 | D:2      | Noticed Natasha
  2292 | D:2      | Killed Natasha
  2932 | D:3      | Reached XP level 6. HP: 39/39 MP: 6/6
  3416 | D:3      | Found an iron altar of Okawaru.
  3616 | D:4      | Found Jeefis's Overcharged Wands.
  3622 | D:4      | Slain by an ogre

Illustrated notes

Levels and vault maps discovered:
D:1:      tarquinn_simple_flora_water_d, layout_loops_ring
D:2:      layout_loops_corners, chequers_serial_rivers_micro_a, uniq_natasha
D:3:      layout_loops_ring, okawaru_altar_gauntlet_db, kennysheep_another_room
D:4:      layout_cave_pods, nicolae_shop_overcharged_wands, uniq_menkaure

Skill      XL: |  1  2  3  4 |
---------------+-------------+-----
Fighting       | 4 |  4.8
Armour         | 4 |  4.8
Shields        | 4 |  4.9
Maces & Flails | 3 |  3.8

Action                   |  1- 3 |  4- 6 || total
-------------------------+-------+-------++-------
Melee: Flail             |    97 |   165 ||   262
       Unarmed           |       |     1 ||     1
Throw: Throwing net      |     1 |     2 ||     3
  Use: Potion            |       |     4 ||     4
Armor: Scale mail        |    53 |    85 ||   138
       Skin              |       |     1 ||     1
Dodge: Dodged            |    37 |    43 ||    80
Block: Kite shield       |    58 |    80 ||   138
